 Dungeon Sprint DCSS version 0.21.0-25-ge575cb9 (webtiles) character file.

12712 wojtek the Severer (level 11, -9/113 HPs)
             Began as a Minotaur Berserker on Jan 23, 2018.
             Was the Champion of Trog.
             Mangled by a death yak (22 damage)
             ... in the Dungeon (Sprint III: "The Ten Rune Challenge").
             The game lasted 00:06:57 (3261 turns).

wojtek the Severer (Minotaur Berserker)             Turns: 3261, Time: 00:06:57

Health: -9/113     AC: 10    Str: 26    XL:     11   Next: 66%
Magic:  3/3        EV: 17    Int:  4    God:    Trog [******]
Gold:   2672       SH:  0    Dex:  9    Spells: 10/10 levels left

rFire    . . .     SeeInvis .   y - +6 executioner's axe (antimagic)
rCold    . . .     Gourm    .   (shield currently unavailable)
rNeg     . . .     Faith    .   w - +0 scale mail
rPois    .         Spirit   .   C - +0 hat
rElec    .         Reflect  .   (no cloak)
rCorr    .         Harm     .   (no gloves)
MR       .....     NoTele   +   (no boots)
Stlth    ..........             (no amulet)
HPRegen  0.28/turn              (no ring)
MPRegen  0.08/turn              (no ring)

@: no status effects
A: retaliatory headbutt, horns 2
a: Berserk, Trog's Hand, Brothers in Arms, Burn Spellbooks, Renounce Religion


You were in the Dungeon.
You worshipped Trog.
Trog was exalted by your worship.
You were not hungry.

You visited 1 branch You collected 2672 gold pieces.

Inventory:

Hand Weapons
 a - a +0 hand axe
 b - a +5 war axe of venom
 j - a +5 battleaxe of freezing
 v - a +1 broad axe of electrocution
 x - a +4 battleaxe of flaming
 y - a +6 antimagic executioner's axe (weapon)
 z - a +4 battleaxe of distortion
 A - a +3 battleaxe of venom
Missiles
 r - 2 throwing nets (quivered)
 t - 7 tomahawks of dispersal
Armour
 w - a +0 scale mail (worn)
 C - a +0 hat (worn)
Wands
 u - a wand of enslavement (11)
Scrolls
 i - a scroll of blinking
 k - a scroll of torment {unknown}
 l - 3 scrolls of identify
 m - 2 scrolls of remove curse
 o - 2 scrolls of immolation {unknown}
Potions
 d - 2 potions of curing
 e - 4 potions of heal wounds
 f - a potion of haste
 g - 2 potions of magic
 h - a potion of berserk rage
 n - a potion of agility {unknown}
 p - a potion of flight {unknown}
 q - 5 potions of mutation
 B - 2 potions of invisibility {unknown}
 D - a potion of resistance {unknown}
Miscellaneous
 s - a sack of spiders
Comestibles
 c - 10 rations
 E - 5 chunks of flesh


   Skills:
 + Level 15.6 Fighting
 * Level 20.6 Axes
 + Level 15.4 Armour
 + Level 14.3 Dodging


You had 10 spell levels left.
You didn't know any spells.

Dungeon Overview and Level Annotations

Branches:
Dungeon (1/1)

Altars:
Cheibriados
Dithmenos
Elyvilon
Fedhas
Gozag
Hepliaklqana
Kikubaaqudgha
Makhleb
Nemelex Xobeh
Okawaru
Qazlal
Ru
Sif Muna
Trog
Uskayaw
Vehumet
Wu Jian
Xom
Yredelemnul
Zin
The Shining One
Beogh
Jiyva
Lugonu

Shops:
D !


Innate Abilities, Weirdness & Mutations

You reflexively headbutt those who attack you in melee.
You have a pair of horns on your head.


Message History

Your scale mail prevents you from hitting the blink frog.
You hit the death yak but do no damage. The blink frog completely misses you.
The death yak gores you!!
You miss the blink frog. You hit the death yak. The blink frog misses you.
The death yak gores you.
You closely miss the blink frog. You slash the death yak!
The blink frog hits you but does no damage.
The blink frog blinks!
The death yak misses you. The blink frog completely misses you.
You miss the blink frog. Your headbutt misses the blink frog.
You hit the death yak but do no damage. The blink frog hits you.
The blink frog blinks!
The death yak gores you!
* * * LOW HITPOINT WARNING * * *
You closely miss the blink frog. You slice the death yak!!
The blink frog blinks!
The death yak gores you!
* * * LOW HITPOINT WARNING * * *
You barely miss the blink frog. You headbutt the blink frog.
The blink frog is lightly wounded.
You barely miss the death yak.
The blink frog blinks!
The death yak gores you!!
You die...

▓...'≈≈≈.≈≈≈≈≈♣♣.....♣♣♣♣≈≈≈...
▓..P#≈≈≈§§§≈≈.♣♣.≈≈≈≈'♣♣'♣≈≈≈≈≈
▓.PP#≈≈.≈§§≈.≈≈'.....#.†♣♣♣♣♣♣♣
▓..P#≈≈≈.≈§≈.≈♣♣♣♣♣♣♣#..♣
▓...#≈≈≈≈≈§≈≈≈♣ ###+
▓##'####'#######♣
▓.........).....♣♣
▓#+#############'♣


JJJ# ..§FYYY@F.♣ ▓..J+ ...######## ▓...# ▓...# #+### You could see 3 death yaks
and 2 blink frogs.

Vanquished Creatures
  Rupert (D)
  Gastronok (D)
  A dire elephant (D)
  Erolcha (D)
  A death yak (D)
  A deep elf mage (D)
  A komodo dragon (D)
  2 spiny frogs (D)
  A rime drake (D)
  A queen bee (D)
  5 blink frogs (D)
  A shadow (D)
  2 redbacks (D)
  A spatial vortex (D)
  A swamp drake (D)
  A necrophage (D)
  5 two-headed ogres (D)
  3 wandering mushrooms (D)
  A water elemental (D)
  A scorpion (D)
  8 killer bees (D)
  A jelly (D)
  A wizard (D)
  Jessica (D)
  An orc wizard (D)
  A necromancer (D)
  3 humans (D)
  A kobold demonologist (D)
  An ooze (D)
  2 orcs (D)
  2 rats (D)
  A plant (D)
55 creatures vanquished.

Vanquished Creatures (collateral kills)
  A dire elephant (D)
  2 orc high priests (D)
  2 orc sorcerers (D)
  2 elephants (D)
  An orc warrior (D)
  24 killer bees (D)
  An orc priest (D)
  3 orc wizards (D)
  6 orcs (D)
42 creatures vanquished.

Vanquished Creatures (others)
  2 draconian scorchers (D)
  6 hellions (D)
  3 yaktaurs (D)
  An electric eel (D)
  A plant (D)
13 creatures vanquished.

Grand Total: 110 creatures vanquished

Notes
Turn   | Place    | Note
-------+----------+-------------------------------------------
     0 | D        | wojtek the Minotaur Berserker began the quest for the Orb.
     0 | D        | Reached XP level 1. HP: 19/19 MP: 0/0
    13 | D        | Reached skill level 4 in Axes
    17 | D        | Killed a yaktaur
    66 | D        | Reached ** piety under Trog
    71 | D        | Noticed Jessica
    79 | D        | Killed Jessica
    79 | D        | Reached skill level 5 in Axes
    79 | D        | Reached XP level 2. HP: 20/28 MP: 1/1
    79 | D        | Reached XP level 3. HP: 25/35 MP: 2/2
   119 | D        | Killed a hellion
   130 | D        | Killed a hellion
   165 | D        | Killed a hellion
   166 | D        | Killed a hellion
   189 | D        | Reached skill level 5 in Fighting
   189 | D        | Reached skill level 6 in Axes
   201 | D        | Killed a yaktaur
   207 | D        | Killed a hellion
   226 | D        | Killed a white draconian scorcher
   257 | D        | Noticed a scorpion
   261 | D        | Killed a white draconian scorcher
   264 | D        | Killed a scorpion
   264 | D        | Reached *** piety under Trog
   264 | D        | Reached skill level 7 in Axes
   264 | D        | Reached skill level 5 in Armour
   264 | D        | Reached XP level 4. HP: 26/44 MP: 3/3
   405 | D        | Killed a hellion
   438 | D        | Noticed a water elemental
   441 | D        | Killed a water elemental
   441 | D        | Reached skill level 8 in Axes
   441 | D        | Reached skill level 5 in Dodging
   441 | D        | Reached XP level 5. HP: 51/51 MP: 4/4
   485 | D        | Found a radiant altar of Vehumet.
   485 | D        | Found a deep blue altar of Sif Muna.
   485 | D        | Found an ancient bone altar of Kikubaaqudgha.
   487 | D        | Reached skill level 9 in Axes
   489 | D        | Reached **** piety under Trog
   529 | D        | Found a glowing silver altar of Zin.
   530 | D        | Found a glowing golden altar of the Shining One.
   530 | D        | Found a white marble altar of Elyvilon.
   530 | D        | Noticed a deep elf mage
   539 | D        | Killed a deep elf mage
   539 | D        | Reached ***** piety under Trog
   539 | D        | Reached skill level 11 in Axes
   539 | D        | Reached XP level 6. HP: 41/63 MP: 5/5
   539 | D        | Reached XP level 7. HP: 46/70 MP: 6/6
   683 | D        | Killed a yaktaur
   705 | D        | Found a hide-covered altar of Uskayaw.
   705 | D        | Found an iron altar of Okawaru.
   706 | D        | Found a roughly hewn altar of Beogh.
   706 | D        | Found a bloodstained altar of Trog.
   706 | D        | Found an ornate altar of the Wu Jian Council.
   706 | D        | Noticed a human
   706 | D        | Noticed a human
   712 | D        | Killed a human
   712 | D        | Received a gift from Trog
   712 | D        | Reached skill level 12 in Axes
   718 | D        | Killed a human
   915 | D        | Found a basalt altar of Yredelemnul.
   915 | D        | Found a shadowy altar of Dithmenos.
   915 | D        | Found a sacrificial altar of Ru.
   920 | D        | Reached skill level 13 in Axes
   921 | D        | Reached skill level 10 in Fighting
   980 | D        | Noticed a shadow
   983 | D        | Killed a shadow
   983 | D        | Reached XP level 8. HP: 79/79 MP: 7/7
  1019 | D        | Found a blossoming altar of Fedhas.
  1019 | D        | Found a stormy altar of Qazlal.
  1020 | D        | Found a snail-covered altar of Cheibriados.
  1020 | D        | Found a burning altar of Makhleb.
  1020 | D        | Found a hazy altar of Hepliaklqana.
  1020 | D        | Found a shimmering altar of Xom.
  1020 | D        | Found an opulent altar of Gozag.
  1020 | D        | Found a sparkling altar of Nemelex Xobeh.
  1020 | D        | Found a corrupted altar of Lugonu.
  1020 | D        | Found a viscous altar of Jiyva.
  1026 | D        | Received a gift from Trog
  1026 | D        | Reached skill level 10 in Armour
  1118 | D        | Reached skill level 14 in Axes
  1181 | D        | Noticed a two-headed ogre
  1187 | D        | Killed a two-headed ogre
  1187 | D        | Reached skill level 10 in Dodging
  1241 | D        | Noticed a two-headed ogre
  1241 | D        | Noticed Erolcha
  1243 | D        | Killed a two-headed ogre
  1243 | D        | Reached skill level 15 in Axes
  1243 | D        | Reached XP level 9. HP: 89/89 MP: 8/8
  1244 | D        | Killed Erolcha
  1248 | D        | Reached ****** piety under Trog
  1248 | D        | Received a gift from Trog
  1248 | D        | Reached skill level 16 in Axes
  1470 | D        | Noticed an orc sorcerer
  1473 | D        | Killed an orc sorcerer
  1476 | D        | Noticed an orc high priest
  1479 | D        | Killed an orc high priest
  1479 | D        | Received a gift from Trog
  1485 | D        | Noticed an orc sorcerer
  1486 | D        | Killed an orc sorcerer
  1486 | D        | Received a gift from Trog
  1487 | D        | Found Kerizobb's Distillery.
  1488 | D        | Noticed an orc high priest
  1490 | D        | Killed an orc high priest
  1490 | D        | Reached XP level 10. HP: 100/100 MP: 9/9
  1491 | D        | Received a gift from Trog
  1598 | D        | Reached skill level 17 in Axes
  1771 | D        | Received a gift from Trog
  1774 | D        | Received a gift from Trog
  1786 | D        | Received a gift from Trog
  1793 | D        | Received a gift from Trog
  1796 | D        | Received a gift from Trog
  2194 | D        | Received a gift from Trog
  2481 | D        | Noticed a spiny frog
  2481 | D        | Noticed a spiny frog
  2485 | D        | Reached skill level 18 in Axes
  2486 | D        | Killed a spiny frog
  2487 | D        | Killed a spiny frog
  2801 | D        | Received a gift from Trog
  2988 | D        | Noticed Rupert
  2995 | D        | Killed Rupert
  2995 | D        | Reached skill level 19 in Axes
  2995 | D        | Reached XP level 11. HP: 85/111 MP: 3/10
  3098 | D        | Reached skill level 15 in Fighting
  3100 | D        | Noticed a dire elephant
  3101 | D        | Noticed a dire elephant
  3102 | D        | Killed a dire elephant
  3107 | D        | Killed a dire elephant
  3107 | D        | Received a gift from Trog
  3107 | D        | Reached skill level 20 in Axes
  3107 | D        | Reached skill level 15 in Armour
  3109 | D        | Noticed Gastronok
  3119 | D        | Killed Gastronok
  3130 | D        | Noticed an azure jelly
  3130 | D        | Noticed an azure jelly
  3130 | D        | Noticed an azure jelly
  3130 | D        | Noticed an azure jelly
  3245 | D        | Noticed a death yak
  3246 | D        | Noticed a death yak
  3247 | D        | Noticed a death yak
  3254 | D        | Noticed a death yak
  3255 | D        | Killed a death yak
  3261 | D        | Mangled by a death yak

Skill      XL: |  1  2  3  4  5  6  7  8  9 10 11 |
---------------+----------------------------------+-----
Fighting       | 4 5 6 9 10 11 12 14 15 | 15.6
Axes           | 5 7 8 11 13 15 16 19 20 | 20.6
Armour         | 4 5 6 8 9 11 12 14 15 | 15.4
Dodging        | 3 4 5 7 9 10 11 13 14 | 14.3

Action                   |  1- 3 |  4- 6 |  7- 9 | 10-12 || total
-------------------------+-------+-------+-------+-------++-------
Melee: Hand axe          |    25 |     6 |     8 |       ||    39
       Headbutt          |     5 |     1 |    13 |    14 ||    33
       War axe           |       |       |    13 |       ||    13
       Battleaxe         |       |       |    16 |    29 ||    45
       Executioner's axe |       |       |       |    67 ||    67
Invok: Berserk           |     1 |     3 |     2 |     1 ||     7
       Burn Spellbooks   |       |     1 |     1 |       ||     2
       Brothers in Arms  |       |       |     1 |     3 ||     4
  Use: Scroll            |       |       |       |     1 ||     1
  Eat: Chunk             |       |     1 |     2 |     5 ||     8
       Ration            |       |       |     1 |     1 ||     2
Armor: Animal skin       |     2 |       |       |       ||     2
       Ring mail         |       |       |     3 |       ||     3
       Scale mail        |       |       |       |    20 ||    20
Dodge: Dodged            |    12 |     2 |    22 |    80 ||   116
